 Dungeon Crawl Stone Soup version 0.22-a0-482-g76e0a5f (webtiles) character file.

23 Gildeon the Sneak (level 3, -2/22 HPs)
             Began as a Kobold Assassin on June 17, 2018.
             Slain by a gnoll
             ... wielding a +0 flail of protection
              (7 damage)
             ... on level 1 of the Dungeon.
             The game lasted 00:04:58 (1339 turns).

Gildeon the Sneak (Kobold Assassin)                 Turns: 1339, Time: 00:04:59

Health: -2/22      AC:  7    Str:  8    XL:     3   Next: 10%
Magic:  3/3        EV: 14    Int: 12    God:
Gold:   27         SH:  0    Dex: 17    Spells: 2/2 levels left

rFire    . . .     SeeInvis .   a - +2 dagger
rCold    . . .     Gourm    .   (shield restricted)
rNeg     . . .     Faith    .   c - +0 robe
rPois    .         Spirit   .   (no helmet)
rElec    .         Reflect  .   d - +0 cloak
rCorr    .         Harm     .   (no gloves)
MR       .....     Rnd*Tele +   (no boots)
Stlth    +++.......             (no amulet)
HPRegen  0.07/turn              h - ring of teleportation (curse)
MPRegen  0.08/turn              l - +4 ring of protection

@: no status effects
A: small, carnivore
a: no special abilities


You were on level 1 of the Dungeon.
You were completely stuffed.

You visited 1 branch of the dungeon, and saw 2 of its levels.

You collected 27 gold pieces.

Inventory:

Hand Weapons
 a - a +2 dagger (weapon)
 b - a +0 blowgun
 j - a +3 dagger
Missiles
 e - 5 poisoned needles
 f - 2 curare-tipped needles
Armour
 c - a +0 robe (worn)
 d - a +0 cloak (worn)
Jewellery
 h - a cursed ring of teleportation (left hand)
 l - a +4 ring of protection (right hand)
Potions
 i - a potion of brilliance
Comestibles
 g - a ration
 k - 2 chunks of flesh


   Skills:
 + Level 2.7 Fighting
 + Level 3.3 Short Blades
 - Level 2.1 Throwing
 - Level 1.2 Dodging
 + Level 5.8 Stealth


You had 2 spell levels left.
You didn't know any spells.
Your spell library was empty.

Dungeon Overview and Level Annotations

Branches:
Dungeon (2/15)

Altars:


Innate Abilities, Weirdness & Mutations

You are small and have problems with some larger weapons.
You are carnivorous and can eat meat at any time.


Message History

You hit the gnoll but do no damage.
The gnoll is severely wounded.
The gnoll misses you.
You hit the gnoll but do no damage.
The gnoll is severely wounded.
You barely miss the gnoll.
The gnoll is severely wounded.
The gnoll closely misses you.
You hit the gnoll but do no damage.
The gnoll is severely wounded.
The gnoll hits you but does no damage.
You hit the gnoll but do no damage.
The gnoll is severely wounded.
You barely miss the gnoll.
The gnoll is severely wounded.
The gnoll barely misses you.
You hit the gnoll but do no damage.
The gnoll is severely wounded.
The gnoll hits you with a flail of protection!
You die...

#.###.# #... ##
#...#.############ ###... .#
###.#......##...(#####..... .#
#......#...##....#......... .#
#......#...##....#......... .#
#......##+###....#)....#### #####
#......##.# #....#.....#
#...###......##.###....#.....####
.>..............@g...............
###...###(##....#################
# #'#.# #.##........######## ####
# #.#.# #.##...####.##.....# #...
# #'#.###.#########........# #...
# #.#..##.........'.....>..# #...
##'##.....########........###...
##...#####........'..............
.'.<.+.'.'.########.....###......


You could see a gnoll.

Vanquished Creatures
  A leopard gecko (D:1)
  3 bats (D:1)
  A giant cockroach (D:1)
  3 hobgoblins (D:1)
  4 jackals (D:1)
  A quokka (D:2)
  4 frilled lizards (D:1)
  3 kobolds (D:1)
  A rat (D:1)
21 creatures vanquished.

Notes
Turn   | Place    | Note
-------+----------+-------------------------------------------
     0 | D:1      | Gildeon the Kobold Assassin began the quest for the Orb.
     0 | D:1      | Reached XP level 1. HP: 12/12 MP: 1/1
    85 | D:1      | Reached XP level 2. HP: 9/18 MP: 2/2
  1133 | D:1      | Reached XP level 3. HP: 18/22 MP: 3/3
  1339 | D:1      | Slain by a gnoll

Vault maps used:
D:1:      minmay_arrival_doors, minmay_misc_feat_enclosed
D:2:      lightli_temple_of_fire, gammafunk_temple_overflow_elements

Skill      XL: |  1 |
---------------+----+-----
Short Blades   | 3 |  3.3
Fighting       | |  2.7
Throwing       | |  2.1
Dodging        | |  1.2
Stealth        | |  5.8

Action                   || total
-------------------------++-------
Melee: Dagger            ||   116
 Fire: Blowgun           ||    10
  Use: Scroll            ||     2
 Stab: Sleeping          ||     3
  Eat: Chunk             ||    10
Armor: Robe              ||    17
Dodge: Dodged            ||    85

Table legend:
 A = Spawn XP
 B = Non-spawn XP
 C = Spawn XP percentage of total XP
 D = Spawn monster count
 E = Non-spawn monster count
 F = Spawn count percentage of total count
 G = Total turns spent on level
                    A         B        C        D         E        F      G
               +---------+---------+-------+---------+---------+-------+---------
         Total |       0 |      33 |   0.0 |       0 |      21 |   0.0 |  1339
               +---------+---------+-------+---------+---------+-------+---------
           D:1 |       0 |      31 |   0.0 |       0 |      20 |   0.0 |  1328
           D:2 |       0 |       2 |   0.0 |       0 |       1 |   0.0 |    11
               +---------+---------+-------+---------+---------+-------+---------
